 Dungeon Crawl Stone Soup version 0.29-a0-520-gc852659d43 (webtiles) character file.

Game seed: 6829922203705015003

299 hquester1 the Grave Robber (level 6, -10/41 HPs)
             Began as a Demonspawn Necromancer on May 31, 2022.
             Mangled by an ogre
             ... wielding a +0 giant club
              (15 damage)
             ... on level 6 of the Dungeon.
             The game lasted 00:19:07 (3724 turns).

hquester1 the Grave Robber (Demonspawn Necromancer) Turns: 3724, Time: 00:19:07

Health: -10/41     AC:  9    Str:  8    XL:     6   Next: 13%
Magic:  2/10       EV: 11    Int: 19    God:
Gold:   195        SH:  7    Dex: 13    Spells: 10/11 levels left

rFire   . . .      SeeInvis .   k - +2 short sword (speed)
rCold   . . .      Faith    .   j - +0 kite shield
rNeg    . . .      Spirit   .   a - +1 robe
rPois   .          Reflect  .   (helmet restricted)
rElec   .          Harm     .   (no cloak)
rCorr   .          Rampage  .   (no gloves)
Will    .....                   (no boots)
Stlth   ++........              (no amulet)
HPRegen 0.13/turn               m - +4 ring of protection
MPRegen 0.24/turn               (no ring)

@: very slightly contaminated
A: antennae 1, slimy green scales 1, magic regeneration
a: no special abilities


You were on level 6 of the Dungeon.
You visited 1 branch of the dungeon, and saw 6 of its levels.

You collected 195 gold pieces.

Inventory:

Hand Weapons
 c - a +0 dagger
 k - a +2 short sword of speed (weapon)
Missiles
 n - a throwing net
Armour
 a - a +1 robe (worn)
 j - a +0 kite shield (worn)
Jewellery
 i - a ring of protection from cold
 l - an amulet of the acrobat
 m - a +4 ring of protection (left hand)
 w - an amulet of faith
Scrolls
 d - a scroll of fog
 f - a scroll of vulnerability
 h - 2 scrolls of identify
 o - a scroll of blinking {unknown}
Potions
 b - 2 potions of magic
 g - 2 potions of curing
 p - a potion of ambrosia
 q - a potion of attraction
 r - a potion of berserk rage
 s - a potion of invisibility
 t - a potion of mutation {unknown}
 u - a potion of might {unknown}


   Skills:
 + Level 3.2 Dodging
 + Level 3.3 Stealth
 + Level 1.3 Shields
 + Level 3.2 Spellcasting
 + Level 5.4 Necromancy


You had 10 spell levels left.
You knew the following spells:

 Your Spells              Type           Power      Damage    Failure   Level
a - Necrotize             Necr           92%        1d8       5%          1

Your spell library contained the following spells:

 Spells                   Type           Power      Damage    Failure   Level
 Vampiric Draining        Necr           23%        2d7       16%         3
 Sandblast                Erth           6%         2d5       45%         1
 Shock                    Conj/Air       12%        1d3       45%         1
 Animate Dead             Necr           23%        N/A       47%         4
 Ensorcelled Hibernation  Hex/Ice        6%         N/A       61%         2
 Passwall                 Tmut/Erth      2%         N/A       61%         2
 Spider Form              Tmut/Pois      3%         N/A       83%         3
 Stone Arrow              Conj/Erth      6%         3d7       83%         3
 Swiftness                Air            3%         N/A       83%         3
 Agony                    Necr           23%        N/A       83%         5
 Anguish                  Hex/Necr       6%         N/A       86%         4
 Airstrike                Air            1%         N/A       99%         4
 Chain Lightning          Conj/Air       1%         3d2       100%        9
 Fire Storm               Conj/Fire      1%         8d1       100%        9
 Shatter                  Erth           1%         3d6*      100%        9


Dungeon Overview and Level Annotations

Branches:
Dungeon (7/15)
 Temple: D:4-7

Altars:
Dithmenos
Nemelex Xobeh
Sif Muna
Uskayaw
Yredelemnul

Annotations:
D:3 1 runed translucent door, Selrock's ghost, novice GrFi


Innate Abilities, Weirdness & Mutations

You have a pair of small antennae on your head.
You are partially covered in slimy green scales. (AC +2)
You regenerate magic rapidly.


Message History

Casting: Necrotize (safe; 5% risk of failure)
Confirm with . or Enter, or press ? or * to list all spells.
Aiming: Necrotize (safe; 5% risk of failure)
Press: ? - help, Shift-Dir - straight line, f/p - ogre
Aim: an ogre, wielding a +0 giant club (heavily wounded, chance to affect: 81%)
You miscast Necrotize.
Nothing appears to happen.
Casting: Necrotize (safe; 5% risk of failure)
Confirm with . or Enter, or press ? or * to list all spells.
Aiming: Necrotize (safe; 5% risk of failure)
Press: ? - help, Shift-Dir - straight line, f/p - ogre
Aim: an ogre, wielding a +0 giant club (heavily wounded, chance to affect: 81%)
The ogre writhes in agony.
The ogre hits you with a +0 giant club!!
Ouch! That really hurt!
Casting: Necrotize (safe; 5% risk of failure)
Confirm with . or Enter, or press ? or * to list all spells.
Aiming: Necrotize (safe; 5% risk of failure)
Press: ? - help, Shift-Dir - straight line, f/p - ogre
Aim: an ogre, wielding a +0 giant club (heavily wounded, chance to affect: 81%)
The ogre writhes in agony.
The ogre hits you with a +0 giant club!
* * * LOW HITPOINT WARNING * * *
Casting: Necrotize (safe; 5% risk of failure)
Confirm with . or Enter, or press ? or * to list all spells.
Aiming: Necrotize (safe; 5% risk of failure)
Press: ? - help, Shift-Dir - straight line, f/p - ogre
Aim: an ogre, wielding a +0 giant club (severely wounded, chance to affect: 81%)
The ogre writhes in agony.
Casting: Necrotize (safe; 5% risk of failure)
Confirm with . or Enter, or press ? or * to list all spells.
Aiming: Necrotize (safe; 5% risk of failure)
Press: ? - help, Shift-Dir - straight line, f/p - ogre
Aim: an ogre, wielding a +0 giant club (almost dead, chance to affect: 81%)
The ogre barely resists.
The ogre closely misses you.
Casting: Necrotize (safe; 5% risk of failure)
Confirm with . or Enter, or press ? or * to list all spells.
Aiming: Necrotize (safe; 5% risk of failure)
Press: ? - help, Shift-Dir - straight line, f/p - ogre
Aim: an ogre, wielding a +0 giant club (almost dead, chance to affect: 81%)
The ogre writhes in agony.
The ogre hits you with a +0 giant club!
You die...

. ####. ...
#... ... ...#
..# #..# .[#
#..# ..#
#####O.##.#
..##
#....@....#
...#
#.######?...#
...# #.# .?.
##.# #.# .
##.# #.# ##.#
#.# ##.#
###.#####.
.#.####
#..........
...)..#
#.#.######.


You could see an ogre.

Vanquished Creatures
  An ice beast (D:6)
  An ogre (D:4)
  3 gnolls
  2 adders
  An ufetubus (D:4)
  2 worms
  2 dart slugs (D:1)
  5 orcs
  3 ball pythons
  4 endoplasms
  2 giant cockroaches (D:1)
  3 hobgoblins
  8 kobolds
  5 quokkas
  A bat (D:1)
  A frilled lizard (D:3)
  8 goblins
  2 rats
54 creatures vanquished.

Vanquished Creatures (collateral kills)
  A dart slug (D:1)
  A ball python (D:3)
  An endoplasm (D:2)
  A hobgoblin (D:4)
  A rat (D:3)
5 creatures vanquished.

Grand Total: 59 creatures vanquished

Notes
Turn   | Place    | Note
-------+----------+-------------------------------------------
     0 | D:1      | hquester1 the Demonspawn Necromancer began the quest for
                  | the Orb.
     0 | D:1      | Reached XP level 1. HP: 13/13 MP: 3/3
   355 | D:1      | Gained mutation: You regenerate magic rapidly. [demonic
                  | ancestry]
   355 | D:1      | Reached XP level 2. HP: 19/19 MP: 3/5
  1082 | D:1      | Found a faded altar of an unknown god.
  1216 | D:1      | Reached XP level 3. HP: 17/24 MP: 6/6
  1513 | D:2      | Gained mutation: You are partially covered in slimy green
                  | scales. (AC +2) [demonic ancestry]
  1513 | D:2      | Reached XP level 4. HP: 10/30 MP: 3/7
  2123 | D:3      | Found a hide-covered altar of Uskayaw.
  2127 | D:3      | Found a basalt altar of Yredelemnul.
  2127 | D:3      | Found a sparkling altar of Nemelex Xobeh.
  2128 | D:3      | Found a shimmering blue altar of Sif Muna.
  2235 | D:3      | Reached skill level 5 in Necromancy
  2507 | D:3      | Found a shadowy altar of Dithmenos.
  2556 | D:3      | Found a runed translucent door.
  2556 | D:3      | Noticed a bullfrog
  2558 | D:3      | Noticed Selrock's ghost (novice GrFi)
  2958 | D:4      | Noticed a black bear
  3126 | D:4      | Noticed an ogre
  3134 | D:4      | Killed an ogre
  3135 | D:4      | Gained mutation: You have a pair of small antennae on your
                  | head. [demonic ancestry]
  3135 | D:4      | Reached XP level 5. HP: 35/35 MP: 5/9
  3290 | D:4      | You fall into a shaft and drop 3 floors!
  3311 | D:7      | Noticed a sky beast
  3616 | D:6      | Noticed an ice beast
  3650 | D:6      | Killed an ice beast
  3651 | D:6      | Reached skill level 1 in Shields
  3651 | D:6      | Reached XP level 6. HP: 41/41 MP: 1/10
  3724 | D:6      | Mangled by an ogre

Illustrated notes

Levels and vault maps discovered:
D:1:      wander_arrival_chamber, layout_basic, chequers_ecumenical_altar_twisty
D:2:      layout_basic
D:3:      layout_rooms, grunt_temple_overflow_open,
          mainiacjoe_overflow_brackets, ebering_ghost_sewer_d,
          grunt_ministairs_12, minmay_fractal_squares_diagonal_5
D:4:      layout_loops_corners
D:6:      layout_loops_ring, dreamdust_wishing_well, grunt_ministairs_7
D:7:      layout_rooms, minmay_temple_entry_statues

Skill      XL: |  1  2  3  4  5 |
---------------+----------------+-----
Dodging        | 2 3 |  3.2
Stealth        | 2 3 |  3.3
Necromancy     | 5 |  5.4
Spellcasting   | 3 |  3.2
Shields        | 1 |  1.3

Action                   |  1- 3 |  4- 6 || total
-------------------------+-------+-------++-------
Melee: Dagger            |    11 |       ||    11
       Short sword       |    10 |    10 ||    20
 Cast: Necrotize         |    41 |    82 ||   123
  Use: Scroll            |       |    14 ||    14
 Stab: Sleeping          |     3 |       ||     3
Armor: Robe              |     2 |    10 ||    12
Dodge: Dodged            |    10 |    15 ||    25
Block: Kite shield       |       |     6 ||     6

Table legend: (Time is in decaauts)
 A = Elapsed time spent in this place.
 B = Non-inter-level travel time spent in this place.
 C = Inter-level travel time spent in this place.
 D = Time resting spent in this place.
 E = Time spent auto-exploring this place.
 F = Levels seen in this place.
 G = Mean time per level.
                   A        B        C        D        E       F      G
               +--------+--------+--------+--------+--------+-----+--------+
         Total |   3718 |   3664 |     54 |    694 |   1931 |   6 |  619.7 |
       Dungeon |   3718 |   3664 |     54 |    694 |   1931 |   6 |  619.7 |
               +--------+--------+--------+--------+--------+-----+--------+

Top non-repeatable levels by time:
     D:1: 1248 daAuts
     D:3: 878 daAuts
     D:2: 747 daAuts
     D:4: 410 daAuts
     D:6: 368 daAuts
     D:7: 64 daAuts
